AoeStats
← 买麻衣也用劵

Black Forest

510736506Analyzed
4v4 RM · 1d ago on Oct 2, 2026· 14m 43s· 8 players
Game mode
Random Map
Map size
Large (8 player)
Population
200
Speed
Normal
Resources
Standard
Victory
Conquest
Starting age
Dark Age
Ending age
Imperial Age
RankedLock teamsTeams togetherTeam positionsShared explorationLock speedFull tech treeHidden civsTurbo modeCheats
Victory
Defeat
🇬🇧 Britons · United Kingdom
1350
+16
🇹🇼 Vietnamese · Taiwan
1320
+17
🇩🇰 Turks · Denmark
1314
+17
🇹🇼 Teutons · Taiwan
1280
+18
🇨🇳 Aztecs · China
1391
-20
🇨🇳 Turks · China
1339
-17
🇨🇳 Slavs · China
1316
-16
🇨🇳 Bengalis · China
1298
-15
Happy new year
0:39 Loom
13:21 Feudal Age
zeeena
5:32 Loom
6:00 Loom
10:56 Feudal Age
11:42 Fishing Lines
13:40 Double-Bit Axe
HPer
0:52 Loom
10:58 Feudal Age
15:00 Fletching
14:56 Double-Bit Axe
Dongart
1:16 Loom
13:41 Feudal Age
YccClala
0:31 Loom
11:53 Feudal Age
长相犯罪
0:47 Loom
14:07 Feudal Age
买麻衣也用劵
5:06 Loom
13:25 Feudal Age
17:00 Castle Age
14:56 Double-Bit Axe
我是D头大哥
1:17 Loom
12:50 Feudal Age
Connection lost

Rejoining the realm…

Still unreachable

The connection could not be restored.

Session expired

The server has moved on; the page needs a fresh start.